 Dungeon Crawl Stone Soup version 0.25-a0-1079-g858b6a6 (webtiles) character file.

Game seed: 11670833942706426260, levelgen mode: deterministic

65 BlueFish the Grasshopper (level 4, -2/30 HPs)
             Began as an Octopode Warper on May 16, 2020.
             Slain by an orc wizard
             ... wielding a +0 dagger
              (4 damage)
             ... on level 2 of the Dungeon.
             The game lasted 00:04:04 (1779 turns).

BlueFish the Grasshopper (Octopode Warper)          Turns: 1779, Time: 00:04:04

Health: -2/30      AC:  1    Str: 11    XL:     4   Next: 14%
Magic:  4/7        EV: 14    Int: 15    God:
Gold:   66         SH:  0    Dex: 11    Spells: 4/8 levels left

rFire    . . .     SeeInvis .     - Unarmed
rCold    . . .     Gourm    .   (no shield)
rNeg     . . .     Faith    .   (helmet restricted)
rPois    .         Spirit   .   (no amulet)
rElec    .         Reflect  .   (no ring)
rCorr    .         Harm     .   (no ring)
MR       .....                  (no ring)
Stlth    ++........             (no ring)
HPRegen  0.10/turn              (no ring)
MPRegen  0.10/turn              (no ring)
                                (no ring)
                                (no ring)

@: shrouded
A: almost no armour, stealthy swim, amphibious, 8 rings, constrict 8, camouflage
1, gelatinous body 1
a: no special abilities


You were on level 2 of the Dungeon.
You were not hungry.

You visited 1 branch of the dungeon, and saw 2 of its levels.

You collected 66 gold pieces.

Inventory:

Missiles
 a - 19 arrows
 c - 5 boomerangs of dispersal (quivered)
 f - 98 stones
Scrolls
 b - a scroll of blinking
 e - a scroll of identify {unknown}
 g - a scroll of fog {unknown}
Comestibles
 d - 4 rations


   Skills:
 * Level 2.3 Fighting
 * Level 1.3 Throwing
 * Level 2.9 Dodging
 * Level 1.1 Stealth
 * Level 2.5 Unarmed Combat
 + Level 2.6 Spellcasting
 + Level 3.2 Translocations


You had 4 spell levels left.
You knew the following spells:

 Your Spells              Type           Power        Failure   Level  Hunger
a - Shroud of Golubria    Chrm/Tloc      #.....       16%         2    ###....
b - Blink                 Tloc           N/A          9%          2    ###....

Your spell library contained the following spells:

 Spells                   Type           Power        Failure   Level  Hunger
 Gell's Gravitas          Tloc           ##........   17%         3    ###....
 Lesser Beckoning         Tloc           ##........   17%         3    ###....
 Teleport Other           Tloc           ##......     17%         3    ###....
 Passage of Golubria      Tloc           N/A          50%         4    #####..


Dungeon Overview and Level Annotations

Branches:
Dungeon (2/15)

Altars:
Nemelex Xobeh


Innate Abilities, Weirdness & Mutations

You cannot wear most types of armour.
You are very stealthy in the water. (Stealth+)
You are amphibious.
You can wear up to eight rings at the same time.
You can use your tentacles to constrict eight enemies at once.
Your skin changes colour to match your surroundings (Stealth+).
Your rubbery body absorbs attacks. (AC +1, EV +1)


Message History

Something hits you.
You tentacle-slap the orc wizard but do no damage.
Your grab misses the orc wizard.
The orc wizard is moderately wounded.
The orc wizard hits you with a +0 dagger.
You hear some strange, mumbled words.
A puff of flame appears from out of thin air!
The puff of flame hits you.
* * * LOW HITPOINT WARNING * * *
Casting: Shroud of Golubria (safe; 16% risk of failure)
Confirm with . or Enter, or press ? or * to list all spells.
You renew your shroud.
The orc wizard barely misses you. Something hits you but does no damage.
You tentacle-slap the orc wizard. Your grab misses the orc wizard.
The orc wizard is heavily wounded.
The orc wizard points at you and mumbles some strange words.
The magic dart hits you.
* * * LOW HITPOINT WARNING * * *
Something hits you.
You die...

###.### #...>.# ###
###.#.#.### ...
.....)....# #.#
.##.#.#.#.# #.#
#.....#.# ##g## #
###.###.#
##..$##.#####
#.###.###.#.#).......
#.)........o@...###..
#.###.###.#.#.#.###
#.###.####)........
##.##............###
.###...#..#####.#####
..........### #.#
###.........# #..
#......##.# #.##
##...#.##.# #.#


You could see an orc wizard and a hobgoblin.

Vanquished Creatures
  A gnoll (D:1)
  An adder (D:2)
  2 dart slugs (D:1)
  A leopard gecko (D:2)
  An orc (D:2)
  2 bats
  2 giant cockroaches (D:1)
  4 goblins
  6 hobgoblins
  7 kobolds
  A quokka (D:2)
  2 ball pythons (D:1)
  3 frilled lizards
  8 rats
41 creatures vanquished.

Notes
Turn   | Place    | Note
-------+----------+-------------------------------------------
     0 | D:1      | BlueFish the Octopode Warper began the quest for the Orb.
     0 | D:1      | Reached XP level 1. HP: 14/14 MP: 3/3
   236 | D:1      | Reached XP level 2. HP: 15/19 MP: 5/5
   243 | D:1      | Learned a level 2 spell: Shroud of Golubria
   246 | D:1      | Learned a level 2 spell: Blink
   519 | D:1      | Reached skill level 1 in Stealth
   539 | D:1      | Reached XP level 3. HP: 24/24 MP: 6/6
  1402 | D:2      | Found a sparkling altar of Nemelex Xobeh.
  1511 | D:2      | Reached XP level 4. HP: 12/29 MP: 4/7
  1779 | D:2      | Slain by an orc wizard

Illustrated notes

Levels and vault maps discovered:
D:1:      nagdon_arrival_double_spiral, layout_loops_corners, st_stairs_5
D:2:      layout_loops_ring, nemelex_diamond_rough_becter

Skill      XL: |  1  2 |
---------------+-------+-----
Stealth        | 1 |  1.1
Fighting       | |  2.3
Throwing       | |  1.3
Dodging        | |  2.9
Unarmed Combat | |  2.5
Spellcasting   | |  2.6
Translocations | |  3.2

Action                   |  1- 3 |  4- 6 || total
-------------------------+-------+-------++-------
Melee: Unarmed           |    89 |     7 ||    96
       Constrict         |    27 |     2 ||    29
       Tentacles         |    12 |     2 ||    14
 Cast: Shroud of Golubri |     1 |     2 ||     3
  Use: Potion            |     1 |       ||     1
 Stab: Sleeping          |     7 |       ||     7
       Distracted        |       |     1 ||     1
  Eat: Chunk             |     2 |     1 ||     3
Armor: Skin              |     6 |       ||     6
Dodge: Dodged            |    54 |     3 ||    57

Table legend:
 A = Non-vault XP
 B = Vault XP
 C = Vault XP percentage of total XP
 D = Non-vault monster count
 E = Vault monster count
 F = Vault count percentage of total count
                 A         B        C        D         E       F
            +---------+---------+-------+---------+---------+-------
      Total |      78 |      16 |  17.0 |      39 |       2 |   4.9
            +---------+---------+-------+---------+---------+-------
        D:1 |      44 |      16 |  26.7 |      26 |       2 |   7.1
        D:2 |      34 |       0 |   0.0 |      13 |       0 |   0.0
            +---------+---------+-------+---------+---------+-------
